 Dungeon Crawl Stone Soup version 0.30-a0-210-g01b79a254e (webtiles) character file.

Game seed: 4294057992490088623

3875 Iusername the Spear-Bearer (level 10, 0/90 HPs)
             Began as a Minotaur Fighter on Oct 4, 2022.
             Was an Elder of Wu Jian.
             Slain by a gnoll sergeant
             ... wielding a +0 trident
              (10 damage)
             ... on level 8 of the Dungeon.
             The game lasted 00:11:07 (8184 turns).

Iusername the Spear-Bearer (Minotaur Fighter)       Turns: 8184, Time: 00:11:07

Health: 0/90       AC: 10    Str: 26    XL:     10   Next: 0%
Magic:  9/9        EV: 11    Int:  5    God:    Wu Jian [****..]
Gold:   488        SH:  6    Dex:  9    Spells: 9/9 levels left

rFire   . . .      SeeInvis .    a - +1 trident
rCold   . . .      Faith    .    c - +1 buckler
rNeg    . . .      Spirit   .    b - +0 scale mail
rPois   .          Reflect  .    (helmet restricted)
rElec   .          Harm     .    A - +0 cloak
rCorr   .          Rampage  .    (no gloves)
Will    .....                    (no boots)
Stlth   ..........               (no amulet)
HPRegen 0.35/turn                (no ring)
MPRegen 0.11/turn                (no ring)

@: serpent's lash
A: horns 2, retaliatory headbutt
a: Renounce Religion, Wall Jump, Serpent's Lash


You were on level 8 of the Dungeon.
You worshipped Wu Jian.
Wu Jian was greatly pleased with you.
You visited 1 branch of the dungeon, and saw 8 of its levels.
You also visited: Sewer.

You collected 488 gold pieces.

Inventory:

Hand Weapons
 a - a +1 trident (weapon)
Armour
 b - a +0 scale mail (worn)
 c - a +1 buckler (worn)
 A - a +0 cloak (worn)
Jewellery
 j - a ring of protection from fire
 r - a ring of magical power
Wands
 s - a wand of mindburst (16)
 t - a wand of flame (9)
 x - a wand of roots (25)
Scrolls
 f - a scroll of blinking
 g - a scroll of identify
 h - 8 scrolls of teleportation
 i - 3 scrolls of amnesia
 n - 3 scrolls of magic mapping
 p - a scroll of enchant weapon
 u - a scroll of poison
 y - 2 scrolls of fear
 z - a scroll of acquirement {unknown}
 B - a scroll of fog {unknown}
 C - a scroll of vulnerability {unknown}
Potions
 d - a potion of brilliance {unknown}
 e - a potion of cancellation {unknown}
 k - a potion of mutation {unknown}
 l - a potion of lignification {unknown}
 m - 6 potions of heal wounds {unknown}
 o - 2 potions of might
 q - a potion of curing
 v - a potion of haste {unknown}
 w - a potion of invisibility


   Skills:
 + Level 8.4 Fighting
 + Level 10.5 Polearms
 + Level 9.6 Armour
 + Level 4.5 Dodging
 + Level 2.0 Stealth
 + Level 5.5 Shields


You had 9 spell levels left.
You didn't know any spells.
Your spell library contained the following spells:

 Spells                   Type           Power      Damage    Failure   Level
 Freeze                   Ice            0%         1d3       80%         1
 Sandblast                Erth           0%         2d4       80%         1
 Blink                    Tloc           0%         N/A       90%         2
 Passwall                 Tmut/Erth      0%         N/A       90%         2
 Static Discharge         Conj/Air       0%         2-2/arc   90%         2
 Frozen Ramparts          Ice            0%         1d1       99%         3
 Hailstorm                Conj/Ice       0%         3d3       99%         3
 Stone Arrow              Conj/Erth      0%         3d7       99%         3
 Vhi's Electric Charge    Tloc/Air       0%         N/A       99%         3
 Anguish                  Hex/Necr       0%         N/A       100%        4
 Manifold Assault         Tloc           0%         N/A       100%        4
 Arcjolt                  Conj/Air       0%         1d10      100%        5
 Lightning Bolt           Conj/Air       0%         1d11      100%        5
 Enfeeble                 Hex            0%         N/A       100%        7
 Storm Form               Tmut/Air       0%         N/A       100%        7


Dungeon Overview and Level Annotations

Branches:
Dungeon (8/15)             Temple (0/1) D:4           Sewer (visited)
   Lair: D:8-11

Altars:
Ashenzari
Dithmenos
Elyvilon
Kikubaaqudgha
Makhleb
Okawaru
Sif Muna
Trog
Vehumet
Wu Jian
Xom
Zin

Shops:
D:6 [   D:8 [([


Innate Abilities, Weirdness & Mutations

You have a pair of horns on your head.
You reflexively headbutt those who attack you in melee.


Message History

You block the gnoll sergeant's attack.
The orc warrior hits you with a +0 scimitar.
* * * LOW HITPOINT WARNING * * *
The gnoll misses you.
You closely miss the orc warrior. Your headbutt misses the orc warrior.
The orc warrior is severely wounded.
You closely miss the orc warrior.
The orc warrior is severely wounded.
You block the gnoll sergeant's attack. You block the orc warrior's attack.
The gnoll hits you but does no damage.
You puncture the orc warrior!
The orc warrior is almost dead.
The gnoll sergeant completely misses you.
You block the orc warrior's attack. The gnoll hits you but does no damage.
You puncture the orc warrior!
You kill the orc warrior!
The Council accepts your kill. You block the gnoll sergeant's attack.
You block the gnoll's attack.
You have reached level 10!
You feel better.
The gnoll sergeant hits you from afar with a +0 trident!
* * * LOW HITPOINT WARNING * * *
You block the gnoll's attack.
You lunge with incredible momentum at the gnoll sergeant.
You hit the gnoll sergeant but do no damage.
Things that are here:
a +0 whip; a gnoll corpse The gnoll sergeant blocks your attack.
The gnoll sergeant barely misses you. You furiously retaliate!
You headbutt the gnoll sergeant, but do no damage.
The gnoll barely misses you.
You hit the gnoll sergeant.
The gnoll sergeant is moderately wounded.
The gnoll sergeant barely misses you. You block the gnoll's attack.
You hit the gnoll sergeant.
The gnoll sergeant is moderately wounded.
You puncture the gnoll sergeant!
The gnoll sergeant is severely wounded.
The gnoll sergeant hits you with a +0 trident!
You die...

#..♣♣.♣♣..)....##
##.......#######
##.......#
###.....##.#
#....#.###.# ##
###.#.#.##
#.#######.##
....##.##
#..........#
###.####
#######°##..#.
#..)##
#..g@.)....(..
..)..#####
#.##°###......
.......... .g#.
#..... ..∩...####
#... .. .....
......# >..#. #..
..>. .)...##
#.###. ... ...
#...## # .. ##..
... ##### ## #.#


You could see a gnoll sergeant and a gnoll.

Vanquished Creatures
  Pikel (D:5)
  Prince Ribbit (D:6)
  A hornet (D:7)
  Sigmund (D:5)
  Eustachio (D:6)
  A steam dragon (D:7)
  2 acid dragons (D:8)
  An orc warrior (D:8)
  5 black bears
  3 ice beasts
  A centaur (D:6)
  A lemure (D:5)
  A phantom (D:7)
  3 kobold brigands
  2 bullfrogs (D:7)
  A necrophage (D:6)
  2 gnoll sergeants
  2 scorpions
  4 hounds
  3 orc priests
  Crazy Yiuf (D:7)
  Ijyb (D:5)
  4 iguanas
  3 orc wizards
  10 gnolls
  9 adders
  7 river rats (Sewer)
  A white imp (D:5)
  An ufetubus (D:5)
  A worm (D:5)
  A dart slug (D:4)
  20 orcs
  6 bats
  3 endoplasms
  5 giant cockroaches
  10 hobgoblins
  3 jackals (D:4)
  6 quokkas
  7 ball pythons
  3 frilled lizards
  5 goblins
  24 kobolds
  19 rats
  A butterfly (D:4)
188 creatures vanquished.

Vanquished Creatures (others)
  A butterfly (D:6)
1 creature vanquished.

Grand Total: 189 creatures vanquished

Notes
Turn   | Place    | Note
-------+----------+-------------------------------------------
     0 | D:1      | Iusername the Minotaur Fighter began the quest for the Orb.
     0 | D:1      | Reached XP level 1. HP: 19/19 MP: 0/0
    17 | D:1      | You fall into a shaft and drop 1 floor!
   239 | D:1      | Reached XP level 2. HP: 27/27 MP: 1/1
   761 | D:2      | Found a faded altar of an unknown god.
   883 | D:2      | Prayed at the altar of an unknown god.
   883 | D:2      | Became a worshipper of the Wu Jian Council
   883 | D:2      | Reached * piety under Wu Jian
  1258 | D:3      | Reached XP level 3. HP: 31/33 MP: 2/2
  1295 | D:3      | Found a glowing drain.
  1326 | Sewer    | Entered a sewer
  1343 | Sewer    | Reached skill level 3 in Polearms
  1649 | Sewer    | Noticed a kobold brigand
  1649 | Sewer    | Noticed a kobold brigand
  1658 | Sewer    | Killed a kobold brigand
  1659 | Sewer    | Reached skill level 4 in Polearms
  1659 | Sewer    | Reached XP level 4. HP: 32/41 MP: 3/3
  1660 | Sewer    | Killed a kobold brigand
  1661 | Sewer    | Reached skill level 1 in Dodging
  1661 | Sewer    | Reached XP level 5. HP: 37/47 MP: 4/4
  1830 | Sewer    | Reached skill level 5 in Armour
  1833 | Sewer    | Reached ** piety under Wu Jian
  1936 | Sewer    | Reached skill level 5 in Polearms
  2003 | Sewer    | Reached XP level 6. HP: 41/53 MP: 5/5
  2300 | D:3      | Reached skill level 5 in Fighting
  2410 | D:3      | Reached skill level 6 in Polearms
  3244 | D:4      | Found a radiant altar of Vehumet.
  3348 | D:4      | Found a staircase to the Ecumenical Temple.
  3369 | D:4      | Reached XP level 7. HP: 39/61 MP: 6/6
  3375 | D:4      | Reached *** piety under Wu Jian
  3461 | D:4      | Found a bloodstained altar of Trog.
  3482 | D:4      | Identified the +9 arbalest "Coxieng" {penet, rElec rN+
                  | SInv}
  4266 | D:4      | Reached skill level 7 in Polearms
  4343 | D:5      | Entered Level 5 of the Dungeon
  4525 | D:5      | Noticed Ijyb
  4529 | D:5      | Reached XP level 8. HP: 69/70 MP: 7/7
  4541 | D:5      | Killed Ijyb
  4837 | D:5      | Noticed Pikel
  4841 | D:5      | Noticed Sigmund
  4846 | D:5      | Killed Pikel
  4847 | D:5      | Reached skill level 1 in Stealth
  4851 | D:5      | Killed Sigmund
  4852 | D:5      | Reached skill level 8 in Polearms
  4992 | D:5      | Found a shimmering altar of Xom.
  5317 | D:6      | Noticed Prince Ribbit
  5341 | D:6      | Noticed Eustachio
  5346 | D:6      | Reached XP level 9. HP: 29/78 MP: 8/8
  5359 | D:6      | Killed Eustachio
  5366 | D:6      | Killed Prince Ribbit
  5367 | D:6      | Reached skill level 9 in Polearms
  5367 | D:6      | Reached skill level 5 in Shields
  5907 | D:6      | Found a white marble altar of Elyvilon.
  5948 | D:6      | Found an iron altar of Okawaru.
  5998 | D:6      | Found a shadowy altar of Dithmenos.
  6013 | D:6      | Found Qoinaqir's Antique Armour Shop.
  6071 | D:6      | Found a broken altar of Ashenzari.
  6791 | D:7      | Reached **** piety under Wu Jian
  6918 | D:7      | Found a runed translucent door.
  6919 | D:7      | Noticed Crazy Yiuf
  7015 | D:7      | Found an ancient bone altar of Kikubaaqudgha.
  7046 | D:7      | Reached skill level 10 in Polearms
  7377 | D:7      | Paralysed by a hornet for 1 turns
  7574 | D:7      | Killed Crazy Yiuf
  7729 | D:8      | Found a shimmering blue altar of Sif Muna.
  7754 | D:8      | Found Pebawa's Antique Armour Shop.
  7875 | D:8      | Found a burning altar of Makhleb.
  8011 | D:8      | Found Qoyt's Armour Emporium.
  8048 | D:8      | Found a glowing silver altar of Zin.
  8083 | D:8      | Found Reogoh's Weapon Shop.
  8180 | D:8      | Reached XP level 10. HP: 8/90 MP: 9/9
  8184 | D:8      | Slain by a gnoll sergeant

Illustrated notes

Levels and vault maps discovered:
D:1:      dpeg_arrival_castle, layout_rooms, serial_curves, eino_curves_03,
          eino_curves_01, eino_curves_02
D:2:      layout_basic, dilly_ecumenical_altar_fadedgnrine,
          amcnicky_mini_corridor_feature
D:3:      layout_rooms, portal_sewer_entry_f, kennysheep_pointless_box
D:4:      layout_basic, mainiacjoe_overflow_surrounded_room,
          trog_ov_bears_minmay, minmay_temple_entry_butterflies,
          serial_corexii_hall, corexii_hall_statues_x, corexii_hall_statues_l,
          nicolae_figureground_sparkle
D:5:      layout_loops_corners, mainiacjoe_overflow_chevrons, uniq_sigmund,
          uniq_pikel, uniq_ijyb
D:6:      layout_rooms, grunt_dithmenos_smoke_and_mirrors,
          nicolae_elyvilon_peaceful_grove, evilmike_ruin_ashenzari,
          mainiacjoe_overflow_concentric_impassable, serial_shops,
          nicolae_square_shop, serial_rivers, chequers_serial_rivers_room_b,
          chequers_serial_rivers_small_b, chequers_serial_rivers_micro_d,
          chequers_serial_rivers_large_a, uniq_eustachio, uniq_prince_ribbit1
D:7:      layout_basic, mainiacjoe_overflow_six_doors_small,
          uniq_crazy_yiuf_cottage
D:8:      layout_loops_ring, mainiacjoe_overflow_cross_hatched, zin_treasury,
          mainiacjoe_overflow_small_starburst, serial_shops,
          nicolae_square_shop, shop, nicolae_lakefront_shop,
          nicolae_shop_bloodbath_and_beyond, shop

Skill      XL: |  1  2  3  4  5  6  7  8  9 |
---------------+----------------------------+-----
Fighting       | 4 5 6 8 |  8.4
Armour         | 4 5 6 8 9 |  9.6
Shields        | 4 5 |  5.5
Polearms       | 4 5 6 7 8 10 | 10.5
Dodging        | 1 2 3 4 |  4.5
Stealth        | 1 2 |  2.0

Action                   |  1- 3 |  4- 6 |  7- 9 | 10-12 || total
-------------------------+-------+-------+-------+-------++-------
Melee: Trident           |    95 |   208 |   311 |     5 ||   619
       Headbutt          |    10 |    21 |    61 |       ||    92
Invok: Whirlwind         |     4 |       |    10 |       ||    14
       Lunge             |       |       |     5 |     1 ||     6
       Serpent's Lash    |       |       |     2 |       ||     2
 Abil: Wall Jump         |       |     1 |       |       ||     1
  Use: Potion            |     1 |       |     3 |     1 ||     5
       Scroll            |       |       |    10 |       ||    10
Armor: Scale mail        |    38 |    60 |    77 |       ||   175
Dodge: Dodged            |    38 |    57 |   110 |     3 ||   208
Block: Buckler           |    23 |    16 |    63 |     2 ||   104

Table legend: (Time is in decaauts)
 A = Elapsed time spent in this place.
 B = Non-inter-level travel time spent in this place.
 C = Inter-level travel time spent in this place.
 D = Time resting spent in this place.
 E = Time spent auto-exploring this place.
 F = Levels seen in this place.
 G = Mean time per level.
                   A        B        C        D        E       F      G
               +--------+--------+--------+--------+--------+-----+--------+
         Total |   8209 |   8013 |    196 |   1087 |   5696 |   9 |  912.1 |
       Dungeon |   7316 |   7120 |    196 |    808 |   5296 |   8 |  914.5 |
         Sewer |    892 |    892 |      0 |    279 |    399 |   1 |  892.0 |
               +--------+--------+--------+--------+--------+-----+--------+

Top non-repeatable levels by time:
     D:4: 1587 daAuts
     D:6: 1251 daAuts
     D:7: 1049 daAuts
     D:5: 950 daAuts
   Sewer: 892 daAuts
     D:2: 765 daAuts
     D:3: 646 daAuts
     D:8: 566 daAuts
     D:1: 500 daAuts
